[Event "CZE Extraliga 2019-20"]
[Site "Czech Republic"]
[Date "2019.11.30"]
[Round "3.1"]
[White "Korobov, Anton"]
[Black "Kociscak, Jiri"]
[Result "1/2-1/2"]
[ECO "D40"]
[WhiteElo "2679"]
[BlackElo "2499"]
[Annotator "ChessBase"]
[PlyCount "79"]
[EventDate "2019.09.15"]
[EventType "team-tourn"]
[EventCountry "CZE"]
[SourceTitle "playchess.com"]
[Source "ChessBase"]
[SourceQuality "1"]
[WhiteTeam "Frydek-Mistek"]
[BlackTeam "Ostrava"]
[TimeControl "40/5400+30:1800+30"]

1. d4 d5 2. c4 e6 3. Nc3 c5 4. e3 Nf6 5. Nf3 Nc6 6. a3 a6 7. b3 Bd6 8. Bb2 O-O 9. dxc5 Bxc5 10. Bd3 Ba7 11. O-O Qe7 12. cxd5 exd5 13. h3 Bd7 14. Ne2 Rad8 15. b4 Rfe8 16. Rc1 h6 17. Ned4 Bb8 18. Nxc6 Bxc6 19. Qb3 Ne4 20. Rfd1 Qc7 21. h4 Qd7 22. Bxe4 Rxe4 23. Rd4 Qe7 24. a4 Qe8 25. b5 axb5 26. axb5 Bxb5 27. Rxd5 Rxd5 28. Qxd5 Bc6 29. Qf5 Bd7 30. Qa5 Kh7 31. Rd1 f6 32. h5 Be5 33. Bxe5 fxe5 34. Qc7 Bg4 35. Rd8 Qxh5 36. Nd2 Rb4 37. Qb8 Be6 38. Rh8+ Kg6 39. Rf8 Rb1+ 40. Nxb1 1/2-1/2

[Event "CZE Extraliga 2019-20"]
[Site "Czech Republic"]
[Date "2019.11.30"]
[Round "3.1"]
[White "Nabaty, Tamir"]
[Black "Saric, Ivan"]
[Result "0-1"]
[ECO "B07"]
[WhiteElo "2658"]
[BlackElo "2667"]
[Annotator "ChessBase"]
[PlyCount "122"]
[EventDate "2019.09.15"]
[EventType "team-tourn"]
[EventCountry "CZE"]
[SourceTitle "playchess.com"]
[Source "ChessBase"]
[SourceQuality "1"]
[WhiteTeam "Lysa nad Labem"]
[BlackTeam "Brno"]
[TimeControl "40/5400+30:1800+30"]

1. d4 Nf6 2. Nf3 g6 3. Nbd2 Bg7 4. e4 d6 5. c3 O-O 6. a4 e5 7. dxe5 dxe5 8. Qc2 Qe7 9. b3 Rd8 10. Ba3 c5 11. Bc4 Nc6 12. O-O Bd7 13. Rfd1 Bh6 14. Be2 Nh5 15. g3 Nf6 16. Nc4 Bg4 17. Kg2 b6 18. h3 Be6 19. Nh2 Rxd1 20. Rxd1 Rd8 21. Ng4 Nxg4 22. hxg4 Rd7 23. Rh1 Bg5 24. Bc1 Bxc1 25. Qxc1 f6 26. Ne3 Na5 27. Bc4 Nxb3 28. Bxb3 Bxb3 29. c4 Bxa4 30. Nd5 Qd8 31. g5 fxg5 32. f4 gxf4 33. gxf4 exf4 34. Qa1 Qg5+ 35. Kf1 f3 36. Rh2 Rf7 37. e5 Bd7 38. Nf6+ Rxf6 39. exf6 Qf4 40. f7+ Qxf7 41. Qc1 Be6 42. Rh4 Qe7 43. Qe1 Qd6 44. Kf2 g5 45. Re4 Qh2+ 46. Kxf3 Kf7 47. Ke3 Bf5 48. Qf1 Qg3+ 49. Kd2 Qd6+ 50. Ke1 Qf6 51. Re3 Qa1+ 52. Kf2 Qxf1+ 53. Kxf1 Be6 54. Rc3 Ke7 55. Ke2 Kd6 56. Kd3 h5 57. Ra3 a5 58. Rb3 Kc6 59. Rb2 h4 60. Rf2 g4 61. Rf6 Kd6 {[%emt 0:00:08] Kd4 Ke5+} 0-1

[Event "CZE Extraliga 2019-20"]
[Site "Czech Republic"]
[Date "2019.11.30"]
[Round "3.1"]
[White "Markos, Jan"]
[Black "Kempinski, Robert"]
[Result "1/2-1/2"]
[ECO "A50"]
[WhiteElo "2572"]
[BlackElo "2579"]
[Annotator "ChessBase"]
[PlyCount "30"]
[EventDate "2019.09.15"]
[EventType "team-tourn"]
[EventCountry "CZE"]
[SourceTitle "playchess.com"]
[Source "ChessBase"]
[SourceQuality "1"]
[WhiteTeam "Kromeriz"]
[BlackTeam "Poruba"]
[TimeControl "40/5400+30:1800+30"]

1. d4 Nf6 2. c4 c6 3. Nc3 d5 4. e3 g6 5. Nf3 Bg7 6. Bd3 O-O 7. h3 a6 8. a4 c5 9. dxc5 dxc4 10. Bxc4 Qxd1+ 11. Kxd1 Nbd7 12. Ke2 Nxc5 13. Rd1 Bd7 14. Ne5 Bf5 15. Nd3 Bxd3+ 1/2-1/2

[Event "CZE Extraliga 2019-20"]
[Site "Czech Republic"]
[Date "2019.11.30"]
[Round "3.2"]
[White "Balogh, Csaba"]
[Black "Plat, Vojtech"]
[Result "1/2-1/2"]
[ECO "B32"]
[WhiteElo "2587"]
[BlackElo "2576"]
[Annotator "ChessBase"]
[PlyCount "135"]
[EventDate "2019.09.15"]
[EventType "team-tourn"]
[EventCountry "CZE"]
[SourceTitle "playchess.com"]
[Source "ChessBase"]
[SourceQuality "1"]
[WhiteTeam "Brno"]
[BlackTeam "Lysa nad Labem"]
[TimeControl "40/5400+30:1800+30"]

1. e4 c5 2. Nf3 Nc6 3. d4 cxd4 4. Nxd4 e5 5. Nb5 a6 6. Nd6+ Bxd6 7. Qxd6 Qf6 8. Qxf6 Nxf6 9. Nc3 Nb4 10. Kd2 d6 11. b3 Be6 12. Ba3 Nc6 13. f3 O-O-O 14. Rd1 d5 15. exd5 Nxd5 16. Nxd5 Rxd5+ 17. Kc1 Rxd1+ 18. Kxd1 Bf5 19. Kc1 Rd8 20. Bc4 Nd4 21. c3 b5 22. cxd4 bxc4 23. dxe5 Rd3 24. Re1 Rc3+ 25. Kd1 cxb3 26. axb3 Rxb3 27. Bc1 a5 28. Re3 Rb5 29. Ba3 Kd7 30. f4 a4 31. Kd2 Rd5+ 32. Kc3 Ke6 33. g3 Rd1 34. Bf8 Rb1 35. Kd4 Rb8 36. Bd6 Rb2 37. Ra3 Re2 38. h4 Bc2 39. Re3 Rg2 40. Rc3 Kf5 41. h5 Kg4 42. Bf8 Kxh5 43. Bxg7 Kg4 44. Bf6 Bb3 45. Kc5 Be6 46. Bh4 Rb2 47. Ra3 Bb3 48. Ra1 Rd2 49. Kb4 Rd3 50. Rc1 Bd1 51. Rc3 Rxc3 52. Kxc3 a3 53. Be7 Kxg3 54. f5 a2 55. Kb2 Bb3 56. e6 Bxe6 57. fxe6 fxe6 58. Bd6+ Kf3 59. Kxa2 h5 60. Kb3 h4 61. Kc3 Ke3 62. Kc2 h3 63. Kd1 Kf3 64. Kd2 Kg2 65. Ke3 h2 66. Bxh2 Kxh2 67. Ke4 e5 68. Kxe5 1/2-1/2

[Event "CZE Extraliga 2019-20"]
[Site "Czech Republic"]
[Date "2019.11.30"]
[Round "3.2"]
[White "Hracek, Zbynek"]
[Black "Pulpan, Jakub"]
[Result "0-1"]
[ECO "D35"]
[WhiteElo "2572"]
[BlackElo "2421"]
[Annotator "ChessBase"]
[PlyCount "70"]
[EventDate "2019.09.15"]
[EventType "team-tourn"]
[EventCountry "CZE"]
[SourceTitle "playchess.com"]
[Source "ChessBase"]
[SourceQuality "1"]
[WhiteTeam "Pardubice"]
[BlackTeam "Praha"]
[TimeControl "40/5400+30:1800+30"]

1. d4 Nf6 2. c4 e6 3. Nc3 d5 4. cxd5 Nxd5 5. e4 Nxc3 6. bxc3 c5 7. Rb1 Be7 8. h4 Nc6 9. Nf3 cxd4 10. cxd4 Bb4+ 11. Bd2 Bxd2+ 12. Qxd2 O-O 13. h5 h6 14. Bb5 Na5 15. Rh3 Kh8 16. Rg3 a6 17. Bd3 Bd7 18. d5 exd5 19. Qc3 f6 20. Nh4 Re8 21. Ng6+ Kg8 22. Nf4 Rc8 23. Qd4 dxe4 24. Be2 Bf5 25. Qe3 Kh7 26. Rd1 Qc7 27. Bg4 Bxg4 28. Rxg4 Nc4 29. Qd4 f5 30. Rg6 Qe5 31. Qxe5 Nxe5 32. Rb6 Nd3+ 33. Nxd3 exd3+ 34. Kf1 Rc2 35. Rxb7 Ree2 0-1

[Event "CZE Extraliga 2019-20"]
[Site "Czech Republic"]
[Date "2019.12.01"]
[Round "3.2"]
[White "Ponizil, Cyril"]
[Black "Laznicka, Viktor"]
[Result "1/2-1/2"]
[ECO "B48"]
[WhiteElo "2502"]
[BlackElo "2667"]
[Annotator "ChessBase"]
[PlyCount "30"]
[EventDate "2019.09.15"]
[EventType "team-tourn"]
[EventCountry "CZE"]
[SourceTitle "playchess.com"]
[Source "ChessBase"]
[SourceQuality "1"]
[WhiteTeam "Duras"]
[BlackTeam "Novoborsky"]
[WhiteTeamCountry "CZE"]
[BlackTeamCountry "CZE"]
[TimeControl "40/5400+30:1800+30"]

1. e4 c5 2. Nf3 e6 3. d4 cxd4 4. Nxd4 Nc6 5. Nc3 a6 6. Be3 Nf6 7. Bd3 Qc7 8. O-O Nxd4 9. Bxd4 Bc5 10. Bxc5 Qxc5 11. Qd2 d6 12. Rae1 e5 13. Re3 Be6 14. Rd1 O-O 15. Be2 Rfd8 1/2-1/2

[Event "CZE Extraliga 2019-20"]
[Site "Czech Republic"]
[Date "2019.11.30"]
[Round "3.2"]
[White "Jakubiec, Artur"]
[Black "Azarov, Sergei"]
[Result "1-0"]
[ECO "C50"]
[WhiteElo "2472"]
[BlackElo "2586"]
[Annotator "ChessBase"]
[PlyCount "61"]
[EventDate "2019.09.15"]
[EventType "team-tourn"]
[EventCountry "CZE"]
[SourceTitle "playchess.com"]
[Source "ChessBase"]
[SourceQuality "1"]
[WhiteTeam "Ostrava"]
[BlackTeam "Frydek-Mistek"]
[TimeControl "40/5400+30:1800+30"]

1. e4 e5 2. Nf3 Nc6 3. Bc4 Bc5 4. O-O Nf6 5. d3 d6 6. a4 a5 7. Be3 Bxe3 8. fxe3 Ne7 9. Nh4 c6 10. Nc3 O-O 11. Qf3 d5 12. Bb3 Be6 13. Qg3 Nd7 14. Nf5 Bxf5 15. exf5 Kh8 16. Kh1 Ng8 17. e4 d4 18. Nb1 Qe7 19. Nd2 Nc5 20. Bc4 Nf6 21. Nf3 Nfd7 22. Qh3 b5 23. axb5 Nb6 24. Ba2 cxb5 25. g4 Ncd7 26. g5 Rfc8 27. Bxf7 Nf8 28. Ba2 Rxc2 29. f6 Qc7 30. g6 gxf6 31. Rg1 1-0

[Event "CZE Extraliga 2019-20"]
[Site "Czech Republic"]
[Date "2019.12.02"]
[Round "3.3"]
[White "Anton Guijarro, David"]
[Black "Blahynka, Martin"]
[Result "1-0"]
[ECO "C54"]
[WhiteElo "2686"]
[BlackElo "2414"]
[Annotator "ChessBase"]
[PlyCount "79"]
[EventDate "2019.09.15"]
[EventType "team-tourn"]
[EventCountry "CZE"]
[SourceTitle "playchess.com"]
[Source "ChessBase"]
[SourceQuality "1"]
[WhiteTeam "Novoborsky"]
[BlackTeam "Duras"]
[WhiteTeamCountry "ESP"]
[BlackTeamCountry "CZE"]
[TimeControl "40/5400+30:1800+30"]

1. e4 e5 2. Nf3 Nc6 3. Bc4 Bc5 4. c3 Nf6 5. d3 O-O 6. O-O a6 7. Nbd2 Ba7 8. h3 d6 9. Bb3 Ne7 10. Re1 Ng6 11. Nf1 h6 12. Ng3 Be6 13. Bxe6 fxe6 14. d4 Qd7 15. Be3 Qf7 16. dxe5 Bxe3 17. Rxe3 Nxe5 18. Nxe5 dxe5 19. Qe2 Rad8 20. Nf1 Qd7 21. Nh2 Qd6 22. Nf3 Rf7 23. a4 Nh7 24. Rc1 Nf8 25. g3 Rfd7 26. Kg2 c6 27. a5 Ng6 28. Qc4 Nh8 29. b4 Nf7 30. h4 g6 31. h5 g5 32. Nh2 Kg7 33. Ng4 Rf8 34. Rf3 Qe7 35. Qc5 Qxc5 36. bxc5 Rd2 37. Rf6 Re8 38. Rg6+ Kh8 39. Rb1 Rb8 40. Rxe6 1-0

[Event "CZE Extraliga 2019-20"]
[Site "Czech Republic"]
[Date "2019.11.30"]
[Round "3.3"]
[White "Yemelin, Vasily"]
[Black "Stocek, Jiri"]
[Result "0-1"]
[ECO "B72"]
[WhiteElo "2545"]
[BlackElo "2569"]
[Annotator "ChessBase"]
[PlyCount "70"]
[EventDate "2019.09.15"]
[EventType "team-tourn"]
[EventCountry "CZE"]
[SourceTitle "playchess.com"]
[Source "ChessBase"]
[SourceQuality "1"]
[WhiteTeam "Lysa nad Labem"]
[BlackTeam "Brno"]
[TimeControl "40/5400+30:1800+30"]

1. e4 c5 2. Nf3 d6 3. d4 cxd4 4. Nxd4 Nf6 5. Nc3 a6 6. Bd3 g6 7. Be3 Bg7 8. f3 Nbd7 9. Qd2 b5 10. a4 bxa4 11. Nxa4 d5 12. exd5 Nxd5 13. Bf2 Bb7 14. O-O O-O 15. c4 Bxd4 16. Bxd4 e5 17. cxd5 exd4 18. Bc4 Ne5 19. b3 d3 20. f4 Ng4 21. Qxd3 Re8 22. h3 Ne3 23. Rfe1 Qf6 24. Nc5 Qb2 25. Rxe3 Qxa1+ 26. Kh2 Qc1 27. Rf3 Re1 28. Nxb7 Rh1+ 29. Kg3 Qe1+ 30. Rf2 Re8 31. Kf3 Qb4 32. Re2 Rxe2 33. Qxe2 Re1 34. Qf2 Qc3+ 35. Kg4 h5+ 0-1

[Event "CZE Extraliga 2019-20"]
[Site "Czech Republic"]
[Date "2019.11.30"]
[Round "3.3"]
[White "Antoniewski, Rafal"]
[Black "Velicka, Petr"]
[Result "1/2-1/2"]
[ECO "A11"]
[WhiteElo "2497"]
[BlackElo "2420"]
[Annotator "ChessBase"]
[PlyCount "61"]
[EventDate "2019.09.15"]
[EventType "team-tourn"]
[EventCountry "CZE"]
[SourceTitle "playchess.com"]
[Source "ChessBase"]
[SourceQuality "1"]
[WhiteTeam "Frydek-Mistek"]
[BlackTeam "Ostrava"]
[TimeControl "40/5400+30:1800+30"]

1. c4 c6 2. Nf3 d5 3. e3 Bg4 4. Qb3 Qb6 5. Qxb6 axb6 6. cxd5 Bxf3 7. gxf3 cxd5 8. Nc3 e6 9. b3 Nf6 10. Bb2 Be7 11. Bb5+ Nbd7 12. Rg1 g6 13. Ke2 O-O 14. a3 Rfc8 15. b4 Kf8 16. f4 Bd8 17. Rgc1 Ke7 18. Bd3 Ne8 19. Nb5 Nd6 20. f3 Nxb5 21. Bxb5 Nf6 22. Bc3 Ne8 23. a4 Nd6 24. Bd3 Kd7 25. Rcb1 Nc4 26. Bd4 Nd6 27. Rb3 Nc4 28. Rbb1 Nd6 29. e4 Bc7 30. Rc1 Bd8 31. Rcb1 1/2-1/2

[Event "CZE Extraliga 2019-20"]
[Site "Czech Republic"]
[Date "2019.11.30"]
[Round "3.3"]
[White "Malinovsky, Karel"]
[Black "Jakubowski, Krzysztof"]
[Result "0-1"]
[ECO "B90"]
[WhiteElo "2478"]
[BlackElo "2509"]
[Annotator "ChessBase"]
[PlyCount "76"]
[EventDate "2019.09.15"]
[EventType "team-tourn"]
[EventCountry "CZE"]
[SourceTitle "playchess.com"]
[Source "ChessBase"]
[SourceQuality "1"]
[WhiteTeam "Kromeriz"]
[BlackTeam "Poruba"]
[TimeControl "40/5400+30:1800+30"]

1. e4 c5 2. Nf3 d6 3. d4 cxd4 4. Nxd4 Nf6 5. Nc3 a6 6. h3 Nc6 7. g4 Qb6 8. Nb3 e6 9. g5 Nd7 10. Be3 Qc7 11. f4 b5 12. a4 b4 13. Ne2 Be7 14. Bg2 h6 15. h4 Bb7 16. g6 fxg6 17. Ned4 Nd8 18. Qg4 Nf8 19. O-O h5 20. Qg3 Bf6 21. Rae1 Qe7 22. Nf3 Bxb2 23. e5 Rc8 24. Ng5 d5 25. Bh3 Rxc2 26. Nd4 Bxd4 27. Bxd4 Rc4 28. Qd3 a5 29. Bb6 Nf7 30. Bg2 Ba6 31. Qd2 Nd7 32. Nxf7 Kxf7 33. Be3 Rhc8 34. Rf2 Nf8 35. f5 gxf5 36. Bg5 Qa7 37. Kh1 Qd4 38. Qe2 Qxh4+ 0-1

[Event "CZE Extraliga 2019-20"]
[Site "Czech Republic"]
[Date "2019.11.30"]
[Round "3.3"]
[White "Druska, Juraj"]
[Black "Kraus, Tomas"]
[Result "1/2-1/2"]
[ECO "C47"]
[WhiteElo "2472"]
[BlackElo "2473"]
[Annotator "RC"]
[PlyCount "99"]
[EventDate "2019.09.15"]
[EventType "team-tourn"]
[EventCountry "CZE"]
[SourceTitle "playchess.com"]
[Source "ChessBase"]
[SourceQuality "1"]
[WhiteTeam "Siesta Solution Unichess"]
[BlackTeam "Turnov"]
[TimeControl "40/5400+30:1800+30"]

1. e4 e5 2. Nf3 Nc6 3. Nc3 Nf6 4. d4 exd4 5. Nxd4 Bb4 6. Nxc6 bxc6 7. Bd3 d5 8. exd5 Qe7+ 9. Qe2 Qxe2+ 10. Kxe2 Nxd5 11. Nxd5 cxd5 12. Bb5+ Bd7 13. Bxd7+ Kxd7 14. Rd1 Kc6 15. Be3 Rhe8 16. c4 dxc4 17. Rac1 c3 18. a3 Bd6 19. Rxc3+ Kd7 20. Rd5 Re5 21. Rxe5 Bxe5 22. Rd3+ Kc6 23. Bd4 Bxd4 24. Rxd4 Re8+ 25. Kd3 Re5 26. Rc4+ Kd6 27. Rd4+ Kc6 28. Rf4 f6 29. Re4 Rd5+ 30. Kc3 Rg5 31. g4 h5 32. h3 hxg4 33. hxg4 f5 34. Rc4+ Kb6 35. f3 fxg4 36. fxg4 a5 37. Kd3 Rb5 38. Kc3 Re5 39. Rf4 Re3+ 40. Kc4 Rg3 41. a4 Rg1 42. b4 Rc1+ 43. Kd5 axb4 44. Rxb4+ Ka5 45. Re4 g5 46. Ke6 Rf1 47. Ke5 Ra1 48. Rc4 Rxa4 49. Rxc7 Rxg4 50. Rg7 1/2-1/2

[Event "CZE Extraliga 2019-20"]
[Site "Czech Republic"]
[Date "2019.11.30"]
[Round "3.3"]
[White "Carlsson, Pontus"]
[Black "Shevchenko, Kirill"]
[Result "1-0"]
[ECO "B50"]
[WhiteElo "2447"]
[BlackElo "2541"]
[Annotator "ChessBase"]
[PlyCount "93"]
[EventDate "2019.09.15"]
[EventType "team-tourn"]
[EventCountry "CZE"]
[SourceTitle "playchess.com"]
[Source "ChessBase"]
[SourceQuality "1"]
[WhiteTeam "Praha"]
[BlackTeam "Pardubice"]
[TimeControl "40/5400+30:1800+30"]

1. e4 c5 2. Nf3 d6 3. Bb5+ Nd7 4. d4 cxd4 5. Qxd4 a6 6. Bxd7+ Bxd7 7. Nc3 Rc8 8. O-O e5 9. Qd3 h6 10. Nd2 Be6 11. Rd1 Nf6 12. Nf1 Qc7 13. Ne3 Be7 14. Bd2 Qc5 15. Kh1 O-O 16. f3 b5 17. a4 b4 18. Ncd5 Nxd5 19. exd5 Bd7 20. b3 Bg5 21. Nc4 f5 22. Bxg5 hxg5 23. Qf1 f4 24. Qg1 Qxg1+ 25. Kxg1 Rxc4 26. bxc4 Rc8 27. a5 Rxc4 28. Rdb1 g4 29. fxg4 e4 30. h3 Bb5 31. Rb2 e3 32. Rab1 g5 33. h4 gxh4 34. Rxb4 h3 35. Rxc4 Bxc4 36. Rd1 hxg2 37. Kxg2 Be2 38. Rf1 Bxf1+ 39. Kxf1 f3 40. c4 f2 41. g5 Kf7 42. c5 dxc5 43. d6 c4 44. d7 Ke7 45. g6 c3 46. g7 c2 47. d8=Q+ 1-0

[Event "CZE Extraliga 2019-20"]
[Site "Czech Republic"]
[Date "2019.11.30"]
[Round "3.4"]
[White "Heberla, Bartlomiej"]
[Black "Oral, Tomas"]
[Result "1-0"]
[ECO "B46"]
[WhiteElo "2544"]
[BlackElo "2509"]
[Annotator "ChessBase"]
[PlyCount "81"]
[EventDate "2019.09.15"]
[EventType "team-tourn"]
[EventCountry "CZE"]
[SourceTitle "playchess.com"]
[Source "ChessBase"]
[SourceQuality "1"]
[WhiteTeam "Brno"]
[BlackTeam "Lysa nad Labem"]
[TimeControl "40/5400+30:1800+30"]

1. e4 c5 2. Nf3 Nc6 3. Nc3 e6 4. d4 cxd4 5. Nxd4 Qc7 6. f4 a6 7. Nxc6 bxc6 8. e5 d5 9. exd6 Bxd6 10. Ne4 Be7 11. Bd3 Nf6 12. O-O Bb7 13. Ng5 h6 14. Nf3 O-O 15. Qe2 c5 16. Ne5 Nd5 17. a3 Bf6 18. Bd2 Ne7 19. Rae1 Nf5 20. Nc4 Bd5 21. b3 Qb7 22. Qg4 Rad8 23. Ba5 Bxc4 24. Bxc4 Bd4+ 25. Kh1 Ne3 26. Rxe3 Bxe3 27. Bxd8 Rxd8 28. f5 exf5 29. Qxf5 Rf8 30. Qe5 Bd4 31. Rxf7 Bxe5 32. Rxb7+ Kh8 33. Bxa6 Ra8 34. Rb6 Rd8 35. Bd3 c4 36. bxc4 Ra8 37. Rb5 Rxa3 38. g3 Bc7 39. Rb7 Bd6 40. c5 Bf8 41. Rb8 1-0

[Event "CZE Extraliga 2019-20"]
[Site "Czech Republic"]
[Date "2019.11.30"]
[Round "3.4"]
[White "Cvek, Robert"]
[Black "Mazur, Stefan"]
[Result "1/2-1/2"]
[ECO "A05"]
[WhiteElo "2517"]
[BlackElo "2445"]
[Annotator "ChessBase"]
[PlyCount "67"]
[EventDate "2019.09.15"]
[EventType "team-tourn"]
[EventCountry "CZE"]
[SourceTitle "playchess.com"]
[Source "ChessBase"]
[SourceQuality "1"]
[WhiteTeam "Poruba"]
[BlackTeam "Kromeriz"]
[TimeControl "40/5400+30:1800+30"]

1. Nf3 Nf6 2. g3 g6 3. Bg2 Bg7 4. O-O O-O 5. d4 d6 6. b3 b6 7. Bb2 Bb7 8. Nbd2 c5 9. c4 cxd4 10. Bxd4 Nc6 11. Bb2 d5 12. Rc1 Rc8 13. Ne5 Nxe5 14. Bxe5 Qd7 15. cxd5 Rxc1 16. Qxc1 Rc8 17. Qb2 Bxd5 18. Bxd5 Qxd5 19. Nc4 Nh5 20. Bxg7 Nxg7 21. Ne3 Qe4 22. Rd1 h5 23. Rd4 Rc1+ 24. Qxc1 Qxd4 25. Qc8+ Kh7 26. Qf8 Qa1+ 27. Kg2 Qxa2 28. Qxf7 Qxe2 29. Qxe7 Qd3 30. Qxa7 Qe4+ 31. Kg1 Qb1+ 32. Kg2 Qe4+ 33. Kg1 Qb1+ 34. Kg2 1/2-1/2

[Event "CZE Extraliga 2019-20"]
[Site "Czech Republic"]
[Date "2019.11.30"]
[Round "3.4"]
[White "Vykouk, Jan"]
[Black "Bernasek, Jan"]
[Result "1/2-1/2"]
[ECO "B06"]
[WhiteElo "2477"]
[BlackElo "2490"]
[Annotator "ChessBase"]
[PlyCount "110"]
[EventDate "2019.09.15"]
[EventType "team-tourn"]
[EventCountry "CZE"]
[SourceTitle "playchess.com"]
[Source "ChessBase"]
[SourceQuality "1"]
[WhiteTeam "Turnov"]
[BlackTeam "Siesta Solution Unichess"]
[TimeControl "40/5400+30:1800+30"]

1. e4 g6 2. d4 Bg7 3. Nc3 d6 4. Be3 a6 5. Qd2 b5 6. h4 Nf6 7. f3 h5 8. O-O-O c6 9. Kb1 Nbd7 10. e5 Nd5 11. exd6 Nxe3 12. Qxe3 Nf6 13. dxe7 Qxe7 14. Qxe7+ Kxe7 15. Bd3 Rd8 16. Nge2 Kf8 17. Be4 Rd6 18. a3 Be6 19. Bd3 Rad8 20. Nf4 Bc8 21. Nce2 Bh6 22. c3 Re8 23. Rhe1 Rd7 24. Rf1 Kg7 25. g3 Rde7 26. Rf2 Re3 27. Ka1 R3e7 28. Ng2 Nd5 29. Ng1 Ne3 30. Nxe3 Bxe3 31. Rff1 Be6 32. Rde1 Bd5 33. Nh3 f6 34. Re2 Kh6 35. Kb1 g5 36. hxg5+ fxg5 37. Kc2 c5 38. dxc5 Bxc5 39. Rxe7 Rxe7 40. Be4 Bxe4+ 41. fxe4 Rxe4 42. Rf6+ Kg7 43. Rf5 Be7 44. Nxg5 Re2+ 45. Kd3 Rxb2 46. Ne6+ Kg6 47. Rd5 Bxa3 48. Nf4+ Kf7 49. Rxh5 b4 50. cxb4 Bxb4 51. Rh7+ Kg8 52. Ra7 Rb3+ 53. Kc4 Rxg3 54. Kxb4 Rg4 55. Rxa6 Rxf4+ 1/2-1/2

[Event "CZE Extraliga 2019-20"]
[Site "Czech Republic"]
[Date "2019.11.30"]
[Round "3.4"]
[White "Rasik, Vitezslav"]
[Black "Zwardon, Vojtech"]
[Result "0-1"]
[ECO "B31"]
[WhiteElo "2470"]
[BlackElo "2471"]
[Annotator "ChessBase"]
[PlyCount "116"]
[EventDate "2019.09.15"]
[EventType "team-tourn"]
[EventCountry "CZE"]
[SourceTitle "playchess.com"]
[Source "ChessBase"]
[SourceQuality "1"]
[WhiteTeam "Ostrava"]
[BlackTeam "Frydek-Mistek"]
[TimeControl "40/5400+30:1800+30"]

1. e4 c5 2. Nf3 Nc6 3. Bb5 g6 4. c3 Nf6 5. e5 Nd5 6. d4 cxd4 7. Qb3 e6 8. Bg5 Qa5 9. O-O dxc3 10. Nxc3 Nxc3 11. bxc3 Bg7 12. Rfe1 h6 13. Bc1 O-O 14. Ba3 Rd8 15. Rad1 d5 16. exd6 Qxc3 17. Qxc3 Bxc3 18. Re3 Bg7 19. Bxc6 bxc6 20. Ne5 Bxe5 21. Rxe5 Bd7 22. f4 Rdb8 23. Kf2 f6 24. Ra5 a6 25. Rd4 Rb6 26. Bc5 Rb2+ 27. Kf3 e5 28. fxe5 fxe5 29. Rb4 Rf8+ 30. Kg3 Rc2 31. Be3 Rf5 32. h4 Kf7 33. Bxh6 c5 34. Rb7 Ke6 35. Be3 c4 36. Bc5 Rxg2+ 37. Kxg2 Bc6+ 38. Kg1 Bxb7 39. Ra3 e4 40. Bd4 Rd5 41. Be3 Rxd6 42. Kf2 Rd7 43. Ra5 Rd3 44. Rg5 Kf7 45. Rc5 Bd5 46. Ra5 Ke6 47. Rxa6+ Kf5 48. Ra5 Kg4 49. Ra6 Kh5 50. Bg5 Rf3+ 51. Ke1 c3 52. Kd1 Bc4 53. Rf6 Bxa2 54. Rxf3 exf3 55. Ke1 Kg4 56. Kf2 Bd5 57. Bf6 c2 58. Bg5 Ba8 0-1

[Event "CZE Extraliga 2019-20"]
[Site "Czech Republic"]
[Date "2019.12.02"]
[Round "3.4"]
[White "Roubalik, Jakub"]
[Black "Bartel, Mateusz"]
[Result "1/2-1/2"]
[ECO "E43"]
[WhiteElo "2410"]
[BlackElo "2636"]
[Annotator "ChessBase"]
[PlyCount "54"]
[EventDate "2019.09.15"]
[EventType "team-tourn"]
[EventCountry "CZE"]
[SourceTitle "playchess.com"]
[Source "ChessBase"]
[SourceQuality "1"]
[WhiteTeam "Duras"]
[BlackTeam "Novoborsky"]
[WhiteTeamCountry "CZE"]
[BlackTeamCountry "POL"]
[TimeControl "40/5400+30:1800+30"]

1. d4 Nf6 2. c4 e6 3. Nc3 Bb4 4. e3 O-O 5. Nf3 c5 6. Bd3 b6 7. O-O Bb7 8. a3 Bxc3 9. bxc3 Be4 10. Be2 Nc6 11. Nd2 Bg6 12. Bb2 Rc8 13. Rc1 Na5 14. Re1 Ne4 15. Nf1 Nd6 16. Nd2 Be4 17. Nxe4 Nxe4 18. Bd3 Nd6 19. Qe2 Qe7 20. e4 e5 21. f4 f6 22. dxe5 fxe5 23. f5 Qf7 24. Rcd1 Naxc4 25. Bc1 b5 26. Rf1 a6 27. g4 Nb6 1/2-1/2

[Event "CZE Extraliga 2019-20"]
[Site "Czech Republic"]
[Date "2019.12.02"]
[Round "3.5"]
[White "Krejci, Jan"]
[Black "Cerveny, Martin"]
[Result "0-1"]
[ECO "D02"]
[WhiteElo "2578"]
[BlackElo "2357"]
[Annotator "ChessBase"]
[PlyCount "110"]
[EventDate "2019.09.15"]
[EventType "team-tourn"]
[EventCountry "CZE"]
[SourceTitle "playchess.com"]
[Source "ChessBase"]
[SourceQuality "1"]
[WhiteTeam "Novoborsky"]
[BlackTeam "Duras"]
[WhiteTeamCountry "CZE"]
[BlackTeamCountry "CZE"]
[TimeControl "40/5400+30:1800+30"]

1. Nf3 d5 2. d4 Nf6 3. Bf4 e6 4. e3 Bd6 5. Bg3 O-O 6. Nbd2 b6 7. c4 Bb7 8. Bd3 Nbd7 9. Qc2 Qe7 10. O-O Bxg3 11. hxg3 c5 12. cxd5 exd5 13. dxc5 bxc5 14. Rfd1 g6 15. Rac1 Rfc8 16. Qb3 Rc7 17. Qa3 Ng4 18. Nh2 h5 19. Be2 Ndf6 20. Bf3 Kg7 21. Rc2 Rac8 22. Nb3 Qd6 23. Rdc1 Nxh2 24. Kxh2 h4 25. Rxc5 Rxc5 26. Nxc5 hxg3+ 27. fxg3 g5 28. Qb4 Rh8+ 29. Kg1 Bc8 30. Qe1 Bf5 31. b4 g4 32. Be2 Nh5 33. Qc3+ f6 34. Bd3 Nxg3 35. Kf2 Bxd3 36. Qxd3 Rh5 37. Rd1 Qe5 38. Ne6+ Qxe6 39. Kxg3 Qd6+ 40. Kf2 g3+ 41. Ke2 Qxb4 42. Rb1 Qg4+ 43. Kd2 Qe4 44. Rb7+ Kh6 45. Qf1 Kg6 46. Qd3 Rh2 47. Qxe4+ dxe4 48. Rxa7 Rxg2+ 49. Ke1 Rb2 50. Kf1 Kg5 51. Rg7+ Kh4 52. Rg6 Kh3 53. Rh6+ Kg4 54. Rxf6 Rxa2 55. Rf8 Rf2+ 0-1

[Event "CZE Extraliga 2019-20"]
[Site "Czech Republic"]
[Date "2019.11.30"]
[Round "3.5"]
[White "Jansa, Vlastimil"]
[Black "Polak, Tomas"]
[Result "1/2-1/2"]
[ECO "C60"]
[WhiteElo "2452"]
[BlackElo "2527"]
[Annotator "ChessBase"]
[PlyCount "142"]
[EventDate "2019.09.15"]
[EventType "team-tourn"]
[EventCountry "CZE"]
[SourceTitle "playchess.com"]
[Source "ChessBase"]
[SourceQuality "1"]
[WhiteTeam "Lysa nad Labem"]
[BlackTeam "Brno"]
[TimeControl "40/5400+30:1800+30"]

1. e4 e5 2. Nf3 Nc6 3. Bb5 Nge7 4. c3 d5 5. Nxe5 dxe4 6. Qe2 Qd5 7. Nxc6 Nxc6 8. d4 Be6 9. Nd2 O-O-O 10. O-O Re8 11. Nb3 Bd7 12. Be3 a6 13. c4 Qf5 14. Bxc6 Bxc6 15. d5 Bd7 16. Bc5 Qe5 17. Qe3 Kb8 18. Rae1 Bd6 19. Bxd6 Qxd6 20. Nc5 f5 21. Qd4 Bc8 22. Re3 Re7 23. f3 b6 24. Na4 exf3 25. Rxe7 Qxe7 26. Rxf3 Re8 27. Nc3 g5 28. Rf2 Qe1+ 29. Rf1 Qe5 30. Qxe5 Rxe5 31. Kf2 f4 32. Re1 Rxe1 33. Kxe1 Bf5 34. Kf2 Bd3 35. b3 g4 36. Ne2 Bb1 37. Nc3 Bd3 38. Ne2 Bb1 39. a3 Ba2 40. Nc1 Bb1 41. Ne2 Ba2 42. b4 g3+ 43. hxg3 fxg3+ 44. Kxg3 Bxc4 45. Nc3 Kc8 46. Kf4 Kd7 47. Ke5 Ke7 48. Ne4 Bd3 49. Ng5 Bc2 50. Ne6 Kd7 51. g3 Bd3 52. Nd4 Ke7 53. g4 Bb1 54. g5 Bd3 55. Nc6+ Kd7 56. Kd4 Bf1 57. Ne5+ Kd6 58. Ng4 Bh3 59. Nf6 Bf5 60. Ne4+ Kd7 61. Ke5 Bg6 62. a4 a5 63. bxa5 bxa5 64. Nc5+ Ke7 65. Ne6 Bc2 66. Nc5 Bd1 67. Nb7 Bxa4 68. Nxa5 Kf7 69. Nc4 Kg6 70. Kf4 Bb3 71. Ne3 h6 1/2-1/2